 Dungeon Crawl Stone Soup version 0.19-a0-34-g6972264 (webtiles) character file.

67 Laurel the Magician (level 4, 0/30 HPs)
             Began as a Merfolk Ice Elementalist on May 2, 2016.
             Slain by an adder (4 damage)
             ... on level 2 of the Dungeon.
             The game lasted 00:06:49 (1838 turns).

Laurel the Magician (Merfolk Ice Elementalist)      Turns: 1838, Time: 00:06:49

Health: 0/30       AC:  2    Str:  8    XL:     4   Next: 16%
Magic:  2/10       EV: 10    Int: 14    God:
Gold:   74         SH:  6    Dex: 15    Spells: 3 memorised, 5 levels left

rFire  . . .     SeeInvis .     f - +0 short sword
rCold  . . .     Gourm    .     a - +0 robe
rNeg   . . .     Faith    .     r - +0 shield (curse)
rPois  .         Spirit   .     (no helmet)
rElec  .         Dismiss  .     (no cloak)
rCorr  +         Reflect  .     (no gloves)
SustAt .         Harm     .     (no boots)
MR     .....                    (no amulet)
Stlth  ++........               (no ring)
                                p - ring of resist corrosion

@: lethally poisoned (0 -> -2), very slightly contaminated, not resistant to
hostile enchantments, unstealthy
A: change form in water, swift swim
a: no special abilities


You were on level 2 of the Dungeon.
You were hungry.

You visited 1 branch of the dungeon, and saw 2 of its levels.

You collected 74 gold pieces.

Inventory:

Hand Weapons
 f - a +0 short sword (weapon)
Missiles
 e - 49 stones (quivered)
 i - 20 arrows
Armour
 a - a +0 robe (worn)
 r - a cursed +0 shield (worn)
Jewellery
 p - a ring of resist corrosion (left hand)
Wands
 l - a wand of flame (39/48)
Scrolls
 j - a scroll of immolation {unknown}
 o - a scroll of identify
Books
 b - a book of Frost

   Spells                             Type                      Level
   a - Freeze                         Ice                          1
   b - Throw Frost                    Conjuration/Ice              2
   c - Ozocubu's Armour               Charms/Ice                   3
   d - Throw Icicle                   Conjuration/Ice              4
   e - Summon Ice Beast               Ice/Summoning                4
Comestibles
 c - 3 bread rations
 g - 2 meat rations
 h - 2 slices of pizza
 k - 5 chunks of flesh
 q - a fruit


   Skills:
 - Level 2.6 Dodging
 - Level 2.1 Stealth
 + Level 0.0 Shields
 * Level 4.0 Spellcasting
 - Level 0.7 Conjurations
 - Level 3.2 Ice Magic


You had 5 spell levels left.
You knew the following spells:

 Your Spells              Type           Power        Failure   Level  Hunger
a - Freeze                Ice            ##..         38%         1    None
b - Throw Frost           Conj/Ice       #.....       85%         2    ##.....
c - Ozocubu's Armour      Chrm/Ice       #.......     99%         3    ###....


Dungeon Overview and Level Annotations

Branches:
Dungeon (2/15)

Altars:


Message History

You feel very buoyant.
You fly up into the air.
The adder closely misses you. The dart slug launches a dart at you.
The slug dart hits you!
* * * LOW HITPOINT WARNING * * *
Drink which item? (? for menu, Esc to quit)
It was a potion of cancellation.
Your magical effects are unravelling.
You feel slightly less contaminated with magical energies.
You feel magically purged.
You are feeling hungry.
You feel sick. You block the adder's attack.
Casting: Freeze
Confirm with . or Enter, or press ? or * to list all spells.
Aiming: Freeze
Press: ? - help, Shift-Dir - straight line, f/p - adder
Aim: an adder You miscast Freeze.
Frost covers your body.
You float gracefully downwards.
The adder bites you.
You die...

#.##.#
#######.##
#.# .# #.#
#.##.####
#.#
#........
..#
#.#######
### #.#
#.# #)#
#@#
#Sw.(....
#S#######
#.# #.#
#.# ..#
...


You could see an adder, a dart slug and a ball python.

Vanquished Creatures
  2 adders (D:2)
  An ooze (D:1)
  A dart slug (D:2)
  7 giant cockroaches
  4 goblins
  5 hobgoblins
  10 kobolds
  A quokka (D:2)
  5 bats
  2 rats
38 creatures vanquished.

Notes
Turn   | Place    | Note
--------------------------------------------------------------
     0 | D:1      | Laurel the Merfolk Ice Elementalist began the quest for the Orb.
     0 | D:1      | Reached XP level 1. HP: 13/13 MP: 3/3
   236 | D:1      | Reached XP level 2. HP: 19/19 MP: 1/5
   556 | D:1      | Reached skill level 3 in Spellcasting
   888 | D:1      | Reached XP level 3. HP: 24/24 MP: 7/7
  1322 | D:1      | Learned a level 2 spell: Throw Frost
  1326 | D:1      | Learned a level 3 spell: Ozocubu's Armour
  1581 | D:2      | Reached XP level 4. HP: 30/30 MP: 7/9
  1725 | D:2      | Reached skill level 4 in Spellcasting
  1838 | D:2      | Slain by an adder

Vault maps used:
D:1:      dpeg_arrival_rhombi, minmay_tree_intersection
D:2:      serial_glass, glass_columns_c, glass_columns_a, ecumenical_altar_1,
          nicolae_tso_carved_into_rock

Skill      XL: |  1  2  3  4 |
---------------+-------------+-----
Spellcasting   | 3 4 |  4.0
Dodging        | |  2.6
Stealth        | |  2.1
Conjurations   | |  0.7
Ice Magic      | |  3.2

Action                   |  1- 3 |  4- 6 || total
-------------------------+-------+-------++-------
Melee: Unarmed           |    10 |       ||    10
       Short sword       |    45 |    27 ||    72
       Dagger            |     7 |       ||     7
 Cast: Freeze            |    25 |     5 ||    30
       Throw Frost       |     4 |       ||     4
  Use: Scroll            |     1 |     3 ||     4
       Potion            |       |     2 ||     2
 Stab: Sleeping          |     3 |     1 ||     4
  Eat: Chunk             |     3 |       ||     3
Armor: Robe              |    17 |     7 ||    24
Dodge: Dodged            |    58 |    31 ||    89
Block: Shield            |       |     5 ||     5
